 Dungeon Crawl Stone Soup version 0.31-a0-1589-g8f5e8aebd6 (webtiles) character file.

Game seed: 9405505990710883653

9 MisterAzrael the Ruffian (level 1, 0/16 HPs)
             Began as a Demigod Shapeshifter on Jan 6, 2024.
             Slain by a quokka (5 damage)
             ... on level 1 of the Dungeon.
             The game lasted 00:00:10 (114 turns).

MisterAzrael the Ruffian (Demigod Shapeshifter)      Turns: 114, Time: 00:00:11

Health: 0/16       AC:  2    Str: 15    XL:     1   Next: 86%
Magic:  3/3        EV: 12    Int: 12    God:
Gold:   5          SH:  0    Dex: 13    Spells: 0/0 levels left

rFire   . .          .
                       - Unarmed
rCold   . . .        (no shield)
rNeg    . . .        a - +0 animal skin
rPois   .            (helmet currently unavailable)
rElec   .            (cloak currently unavailable)
rCorr   .            (gloves currently unavailable)
SInv    .            (boots currently unavailable)
Will    .....        (no amulet)
Stlth   +            (no ring)
HPRegen 0.22/turn    (no ring)
MPRegen 0.08/turn

%: no passive effects
@: beast-form
A: beast (slay +1), high MP 1, forlorn, divine attributes
a: Begin Untransformation


You were on level 1 of the Dungeon.
You were a hulking beast.
You visited 1 branch of the dungeon, and saw 1 of its levels.

You collected 5 gold pieces.

Inventory:

Armour
 a - a +0 animal skin (worn)
Talismans
 c - a beast talisman
 d - a flux talisman
Potions
 b - a potion of lignification


   Skills:
 + Level 1.1 Fighting
 + Level 2.0 Dodging
 + Level 2.8 Unarmed Combat
 + Level 2.8 Shapeshifting


You couldn't memorise any spells.
You didn't know any spells.
Your spell library was empty.

Dungeon Overview and Level Annotations

Branches:
Dungeon (1/15)


Innate Abilities, Weirdness & Mutations

You are a hulking beast.
Your limbs bulge with bestial killing power. (Slay +1)
You have an increased reservoir of magic. (+10% MP)
You shall have no god before yourself.
Your divine heritage dramatically boosts your attributes as you level up.


Message History

The dart slug bites you.
You punch the dart slug!
You kill the dart slug!
HP restored.
You now have 5 gold pieces.
A rat comes into view.
Found a stone staircase leading down.
A rat is nearby!
A rat is nearby!
Found a whip.
There is a stone staircase leading down here.
You hit the rat.
You kill the rat!
Your Dodging skill increases to level 2!
No target in view!
No target in view!
Found a stone staircase leading down.
There is a stone staircase leading down here.
A hobgoblin comes into view.
The hobgoblin shouts!
The hobgoblin hits you.
A quokka comes into view.
You hit the hobgoblin.
You kill the hobgoblin!
A hobgoblin comes into view.
The quokka bites you.
The hobgoblin shouts!
You hit the quokka.
The quokka is heavily wounded.
The quokka bites you.
You are too injured to fight recklessly!
You are too injured to fight recklessly!
You are too injured to fight recklessly!
You are too injured to fight recklessly!
The quokka barely misses you. The quokka bites you.
* * * LOW HITPOINT WARNING * * *
The quokka barely misses you. x2
The quokka bites you.
You die...

#.# .# #..# #######.# #..#
........# #..# ..##....# #..#
........# #..# #######.#
##### #..######## ...PPP#.#
...# #..........
.....P#.#######.####.#######.
.PPPPP#>#.....g.h..........#
.PP..P#.#.###.#r.#########.#
....PP #........#
#.####..#.## #.......#.#
###...#.#.# #..#.#.#.#
#.##.#.#.# ... #.#.#.#


You could see a quokka and a hobgoblin.

Vanquished Creatures
  A dart slug (D:1)
  A goblin (D:1)
  A hobgoblin (D:1)
  A quokka (D:1)
  A frilled lizard (D:1)
  A kobold (D:1)
  A rat (D:1)
7 creatures vanquished.

Notes
Turn   | Place    | Note
-------+----------+-------------------------------------------
     0 | D:1      | MisterAzrael the Demigod Shapeshifter began the quest for
                  | the Orb.
     0 | D:1      | Reached XP level 1. HP: 15/15 MP: 3/3
    23 | D:1      | Reached skill level 1 in Fighting
   114 | D:1      | Slain by a quokka

Illustrated notes

Levels and vault maps discovered:
D:1:      minmay_arrival_arboretum_small, layout_basic

Skill      XL: |  1 |
---------------+----+-----
Fighting       | 1 |  1.1
Dodging        | 2 |  2.0
Unarmed Combat | |  2.8
Shapeshifting  | |  2.8

Action                     || total
---------------------------++-------
  Melee: Unarmed           ||    16
 Armour: Animal skin       ||     9
  Dodge: Dodged            ||     9

Table legend: (Time is in decaauts)
 A = Elapsed time spent in this place.
 B = Non-inter-level travel time spent in this place.
 C = Inter-level travel time spent in this place.
 D = Time resting spent in this place.
 E = Time spent auto-exploring this place.
 F = Levels seen in this place.
 G = Mean time per level.
                   A        B        C        D        E       F      G
               +--------+--------+--------+--------+--------+-----+--------+
         Total |    112 |    112 |      0 |      0 |     73 |   1 |  112.0 |
       Dungeon |    112 |    112 |      0 |      0 |     73 |   1 |  112.0 |
               +--------+--------+--------+--------+--------+-----+--------+

Top non-repeatable levels by time:
     D:1: 112 daAuts
